 Dungeon Crawl Stone Soup version 0.28.0-1-gb440e238dd (webtiles) character file.

Game seed: 11937763398775601726

118 graymark the Skirmisher (level 4, -6/37 HPs)
             Began as a Demonspawn Abyssal Knight on Feb 21, 2022.
             Was a Believer of Lugonu.
             Killed by divine providence
             ... invoked by an orc priest
              (10 damage)
             ... on level 4 of the Dungeon.
             The game lasted 00:07:01 (3564 turns).

graymark the Skirmisher (Demonspawn Abyssal Knight) Turns: 3564, Time: 00:07:01

Health: -6/37      AC: 11    Str: 15    XL:     4   Next: 72%
Magic:  0/6        EV: 12    Int: 12    God:    Lugonu [**....]
Gold:   107        SH:  6    Dex: 13    Spells: 3/3 levels left

rFire   . . .      SeeInvis .   o - +0 flail (protect)
rCold   . . .      Faith    .   (no shield)
rNeg    . . .      Spirit   +   b - +0 leather armour
rPois   .          Reflect  .   (no helmet)
rElec   .          Harm     .   n - +0 cloak
rCorr   .          Rampage  .   (no gloves)
Will    .....                   (no boots)
Stlth   +.........              i - amulet of guardian spirit
HPRegen 0.12/turn               (no ring)
MPRegen 0.20/turn               (no ring)

@: under a protective aura
A: large bone plates 2, magic regeneration
a: Renounce Religion, Depart the Abyss, Bend Space


You were on level 4 of the Dungeon.
You worshipped Lugonu.
Lugonu was pleased with you.
You visited 1 branch of the dungeon, and saw 4 of its levels.
You visited the Abyss 1 time.

You collected 107 gold pieces.

Inventory:

Hand Weapons
 a - a +1 hand axe
 o - a +0 flail of protection (weapon)
Armour
 b - a +0 leather armour (worn)
 g - a +0 ring mail
 k - a +1 animal skin
 n - a +0 cloak (worn)
 s - a scarf of harm
Jewellery
 i - an amulet of guardian spirit (around neck)
Wands
 j - a wand of acid (1)
 p - a wand of iceblast (2)
Scrolls
 d - 2 scrolls of identify
 f - a scroll of enchant armour {unknown}
 l - a scroll of acquirement {unknown}
 m - a scroll of fear {unknown}
 q - a scroll of vulnerability {unknown}
 r - a scroll of blinking {unknown}
Potions
 c - 3 potions of curing
 e - a potion of ambrosia
 h - a potion of cancellation


   Skills:
 + Level 3.8 Fighting
 + Level 2.6 Axes
 + Level 2.0 Armour
 + Level 2.1 Dodging
 - Level 3.6 Invocations


You had 3 spell levels left.
You didn't know any spells.
Your spell library contained the following spells:

 Spells                   Type           Power      Damage    Failure   Level
 Sandblast                Erth           0%         2d4       38%         1
 Passwall                 Tmut/Erth      0%         N/A       52%         2
 Stone Arrow              Conj/Erth      0%         3d7       77%         3


Dungeon Overview and Level Annotations

Branches:
Dungeon (4/15)
 Temple: D:4-7

Altars:
Fedhas


Innate Abilities, Weirdness & Mutations

You are mostly covered in large bone plates. (SH +6)
You regenerate magic rapidly.


Message History

Your weapon exudes an aura of protection.
The orc priest misses you.
The orc priest looks encouraged for a moment.
The orc priest miscasts a cantrip.
You sock the orc priest!
The orc priest is severely wounded.
You sock the orc!
You kill the orc!
Lugonu accepts your kill.
You closely miss the orc priest.
The orc priest is severely wounded.
The orc priest looks braver for a moment.
You barely miss the orc priest.
The orc priest is severely wounded.
The orc priest calls upon Beogh to heal the orc priest.
The orc priest is healed somewhat.
The orc priest hits you with a +0 hand axe.
The orc priest closely misses you.
You hit the orc priest but do no damage.
The orc priest is heavily wounded.
The orc priest invokes the aid of Beogh against you.
Beogh smites you!
The orc priest hits you but does no damage.
You are too injured to fight recklessly!
You are too injured to fight recklessly!
You are too injured to fight recklessly!
You hit the orc priest.
The orc priest is heavily wounded.
The orc priest hits you with a +0 hand axe.
You closely miss the orc priest.
The orc priest is heavily wounded.
The orc priest hits you but does no damage.
The orc priest calls down the wrath of Beogh upon you.
Beogh smites you!
* * * LOW HITPOINT WARNING * * *
You closely miss the orc priest.
The orc priest is heavily wounded.
The orc priest mumbles some strange prayers to Beogh against you.
Beogh smites you!
You die...

# ### #.####.#
#....#.#
#....################
#....................
#.##.################
#@# #....... #o##
#....... .o..#
#....... ##.#.#
#.......
#.#.#######.......
#.#.#.............
#.#.#.#####.......
####.#.#.#####.......
#....................


You could see 2 orc priests.

Vanquished Creatures
  Robin (D:3)
  3 adders
  2 dart slugs
  2 orcs
  5 endoplasms
  A giant cockroach (D:3)
  15 goblins
  2 hobgoblins
  2 jackals (D:1)
  6 kobolds
  6 quokkas
  10 ball pythons
  6 bats (D:1)
  4 frilled lizards
  4 rats
69 creatures vanquished.

Vanquished Creatures (others)
  A fungus (D:3)
1 creature vanquished.

Grand Total: 70 creatures vanquished

Notes
Turn   | Place    | Note
-------+----------+-------------------------------------------
     0 | Abyss:1  | graymark the Demonspawn Abyssal Knight began the quest for
                  | the Orb.
     0 | Abyss:1  | Reached XP level 1. HP: 18/18 MP: 2/2
     0 | D:1      | Escaped the Abyss
    37 | D:1      | Reached skill level 1 in Dodging
   405 | D:1      | Reached * piety under Lugonu
   406 | D:1      | Gained mutation: You regenerate magic rapidly. [demonic
                  | ancestry]
   406 | D:1      | Reached XP level 2. HP: 24/24 MP: 4/4
  1104 | D:1      | Gained mutation: You are partially covered in large bone
                  | plates. (SH +4) [demonic ancestry]
  1104 | D:1      | Reached XP level 3. HP: 29/29 MP: 5/5
  1308 | D:2      | You fall into a shaft and drop 1 floor!
  2209 | D:2      | Reached ** piety under Lugonu
  2392 | D:3      | Gained mutation: You are mostly covered in large bone
                  | plates. (SH +6) [demonic ancestry]
  2392 | D:3      | Reached XP level 4. HP: 35/35 MP: 6/6
  2395 | D:3      | Found a blossoming altar of Fedhas.
  2549 | D:3      | Noticed Robin
  2609 | D:3      | Killed Robin
  2987 | D:3      | Found a faded altar of an unknown god.
  3564 | D:4      | Killed from afar by an orc priest

Illustrated notes

Levels and vault maps discovered:
D:1:      pf_arrival_petrified_forest, layout_basic
D:2:      layout_loops_ring, minmay_distorted
D:3:      layout_loops_ring, mainiacjoe_overflow_cross_hatched,
          shapermc_ecumenical_altar_mp_urbaneastern, uniq_robin
D:4:      layout_basic, nicolae_kikubaaqudgha_miasma_corner,
          grunt_gozag_breadcrumbs, minmay_misc_feat_more_columns

Skill      XL: |  1  2  3  4 |
---------------+-------------+-----
Dodging        | 1 2 |  2.1
Axes           | 2 |  2.6
Invocations    | 3 |  3.6
Armour         | 2 |  2.0
Fighting       | |  3.8

Action                   |  1- 3 |  4- 6 || total
-------------------------+-------+-------++-------
Melee: Hand axe          |   145 |    51 ||   196
       Flail             |       |    55 ||    55
Invok: Depart the Abyss  |     1 |       ||     1
  Use: Scroll            |       |     3 ||     3
 Stab: Sleeping          |     2 |       ||     2
Armor: Leather armour    |    41 |    24 ||    65
Dodge: Dodged            |    93 |    58 ||   151
Block: Other             |     9 |    30 ||    39
